 Dungeon Crawl Stone Soup version 0.26-a0-667-g92642533e4 (webtiles) character file.

Game seed: 15092870381339631351

468747 jasper the Wrestler (level 23, -1/188 HPs)
             Began as a Demonspawn Brigand on Oct 18, 2020.
             Was a Priest of Uskayaw.
             Killed by divine providence
             ... invoked by a sphinx
              (10 damage)
             ... on level 2 of the Depths.
             The game lasted 00:59:00 (42119 turns).

jasper the Wrestler (Demonspawn Brigand)           Turns: 42119, Time: 00:59:01

Health: -1/188     AC: 42    Str: 27    XL:     23   Next: 20%
Magic:  36/37      EV:  5    Int: 19    God:    Uskayaw [***...]
Gold:   4750       SH: 28    Dex: 19    Spells: 22/22 levels left

rFire    + + .     SeeInvis .     - Unarmed
rCold    . . .     Faith    .   C - +6 tower shield of Pit Ist {rPois}
rNeg     + + .     Spirit   .   c - +8 crystal plate armour of Kitugaf {rF- rN+ Dex+5}
rPois    +         Reflect  .   (helmet restricted)
rElec    .         Harm     .   M - +2 cloak {rCorr}
rCorr    +         Rampage  .   (gloves unavailable)
MR       .....                  (no boots)
Stlth    ..........             t - amulet of Megalomania {Acrobat rPois rF+++ MR- Int+3}
HPRegen  4.41/turn              j - ring of positive energy
MPRegen  0.25/turn              u - +6 ring of strength

@: slowed, studying Shields, very slow
A: claws 3, horns 1, iridescent scales 3, powered by death 2, shaggy fur 1,
spiny 3, strong 1, augmentation 2
}: 3/15 runes: decaying, serpentine, silver
a: Stomp, Line Pass, Renounce Religion


You were on level 2 of the Depths.
You worshipped Uskayaw.
Uskayaw was greatly pleased with you.
You visited 9 branches of the dungeon, and saw 40 of its levels.
You visited the Abyss 1 time.

You collected 5905 gold pieces.
You spent 1155 gold pieces at shops.

Inventory:

Missiles
 y - 14 javelins (quivered)
Armour
 c - the +8 crystal plate armour of Kitugaf (worn) {rF- rN+ Dex+5}
   (You acquired it on level 5 of the Vaults)

   It affects your dexterity (+5).
   It makes you vulnerable to fire.
   It protects you from negative energy.
 C - the +6 tower shield of Pit Ist (worn) {rPois}
   (You bought it in a shop on level 7 of the Dungeon)

   It protects you from poison.
 M - a +2 cloak of preservation (worn)
 V - the +5 chain mail "Mecwov" {rF+ MR+ Slay+2 SInv}
   (You found it on level 11 of the Dungeon)

   It affects your accuracy and damage with ranged weapons and melee attacks
   (+2).
   It protects you from fire.
   It affects your resistance to hostile enchantments.
   It lets you see invisible.
Jewellery
 j - a ring of positive energy (left claw)
 t - the amulet of Megalomania (around neck) {Acrobat rPois rF+++ MR- Int+3}
   (You took it off a yaktaur on level 5 of the Vaults)

   [amulet of the acrobat]

   It helps you evade while moving and waiting.
   It affects your intelligence (+3).
   It renders you almost immune to fire.
   It protects you from poison.
   It affects your resistance to hostile enchantments.
 u - a +6 ring of strength (right claw)
 L - an uncursed amulet of reflection
 R - an uncursed amulet of magic regeneration
Wands
 e - a wand of polymorph (22)
 h - a wand of flame (58)
 A - a wand of iceblast (3)
 B - a wand of enslavement (12)
 K - a wand of paralysis (11)
 Q - a wand of acid (12)
 Z - a wand of digging (3)
Scrolls
 f - 5 scrolls of blinking
 i - 7 scrolls of immolation
 k - 6 scrolls of amnesia
 m - 17 scrolls of remove curse
 n - 12 scrolls of identify
 p - a scroll of summoning
 q - 20 scrolls of teleportation
 r - 5 scrolls of fear
 s - 5 scrolls of fog
 E - 4 scrolls of vulnerability
 H - 6 scrolls of magic mapping
 J - 3 scrolls of enchant armour
 O - 2 scrolls of brand weapon
 T - 3 scrolls of enchant weapon
 Y - a scroll of torment
Potions
 b - 11 potions of curing
 d - 3 potions of resistance
 g - 3 potions of mutation
 l - a potion of cancellation
 o - 9 potions of degeneration
 v - a potion of invisibility
 w - 8 potions of lignification
 x - 7 potions of might
 z - 8 potions of flight
 D - 6 potions of stabbing
 G - 5 potions of haste
 I - a potion of magic
 N - 4 potions of brilliance
 P - 4 potions of heal wounds
Books
 W - a manual of Shields
Miscellaneous
 a - a phantom mirror
 F - a phial of floods
 S - a condenser vane (inert)
 U - a tin of tremorstones (1/3)
 X - a box of beasts (3/3)


   Skills:
 + Level 17.2 Fighting
   Level 1.7 Short Blades
 - Level 1.7 Throwing
 + Level 15.8 Armour
 - Level 1.2 Dodging
 - Level 3.6 Stealth
 + Level 15.5 Shields
 * Level 21.2 Unarmed Combat
 + Level 20.6 Invocations
 - Level 9.0 Evocations


You had 22 spell levels left.
You didn't know any spells.
Your spell library contained the following spells:

 Spells                   Type           Power        Failure   Level
 Animate Skeleton         Necr           #.....       100%        1
 Apportation              Tloc           #.....       100%        1
 Beastly Appendage        Tmut           #.....       100%        1
 Corona                   Hex            #......      100%        1
 Magic Dart               Conj           #...         100%        1
 Shock                    Conj/Air       #...         100%        1
 Sting                    Tmut/Pois      #...         100%        1
 Summon Small Mammal      Summ           #...         100%        1
 Blink                    Tloc           N/A          100%        2
 Call Imp                 Summ           #.......     100%        2
 Passwall                 Tmut/Erth      #.......     100%        2
 Poisonous Vapours        Pois/Air       #.....       100%        2
 Searing Ray              Conj           #.....       100%        2
 Slow                     Hex            #.......     100%        2
 Swiftness                Air            #.......     100%        2
 Wereblood                Tmut           #.......     100%        2
 Call Canine Familiar     Summ           #.......     100%        3
 Confusing Touch          Hex            #.......     100%        3
 Conjure Flame            Conj/Fire      #.......     100%        3
 Dazzling Flash           Conj/Hex       #.....       100%        3
 Gell's Gravitas          Tloc           #.........   100%        3
 Ignite Poison            Fire/Tmut/Pois #.......     100%        3
 Lesser Beckoning         Tloc           #.........   100%        3
 Mephitic Cloud           Conj/Pois/Air  #.......     100%        3
 Spider Form              Tmut/Pois      #.........   100%        3
 Static Discharge         Conj/Air       #.......     100%        3
 Summon Guardian Golem    Hex/Summ       #.......     100%        3
 Tukima's Dance           Hex            #.......     100%        3
 Airstrike                Air            #.........   100%        4
 Fulminant Prism          Conj/Hex       #.........   100%        4
 Ice Form                 Ice/Tmut       #.......     100%        4
 Iskenderun's Mystic Bla  Conj/Tloc      #.......     100%        4
 Olgreb's Toxic Radiance  Pois           #.......     100%        4
 Petrify                  Tmut/Erth      #.......     100%        4
 Summon Ice Beast         Ice/Summ       #.......     100%        4
 Summon Lightning Spire   Summ/Air       #.......     100%        4
 Alistair's Intoxication  Tmut/Pois      #........    100%        5
 Blade Hands              Tmut           #.........   100%        5
 Irradiate                Conj/Tmut      #.........   100%        5
 Lightning Bolt           Conj/Air       #.........   100%        5
 Metabolic Englaciation   Hex/Ice        #.........   100%        5
 Summon Demon             Summ           #.........   100%        5
 Summon Forest            Summ/Tloc      #.........   100%        5
 Summon Mana Viper        Hex/Summ       #.......     100%        5
 Yara's Violent Unravell  Hex/Tmut       #.........   100%        5
 Hydra Form               Tmut           #.........   100%        6
 Invisibility             Hex            #.......     100%        6
 Shadow Creatures         Summ           N/A          100%        6
 Statue Form              Tmut/Erth      #........    100%        6
 Dragon Form              Tmut           #.........   100%        7
 Summon Hydra             Summ           #.........   100%        7


Dungeon Overview and Level Annotations

Branches:
Dungeon (15/15)            Temple (1/1) D:6            Lair (6/6) D:10
  Swamp (4/4) Lair:3        Snake (4/4) Lair:2        Slime (0/5) Lair:5
    Orc (2/2) D:10            Elf (1/3) Orc:2        Vaults (5/5) D:13
 Depths (2/5) D:15
  Crypt: Vaults:2-3

Altars:
Ashenzari
Cheibriados
Dithmenos
Elyvilon
Fedhas
Gozag
Hepliaklqana
Kikubaaqudgha
Makhleb
Nemelex Xobeh
Okawaru
Qazlal
Ru
Sif Muna
Trog
Uskayaw
Vehumet
Wu Jian
Xom
Yredelemnul
Zin
The Shining One
Jiyva

Shops:
D:7 [   D:8 *}   D:15 (   Orc:2 (?(   Snake:3 [   Snake:4 :}*   Vaults:3 :

Portals:
Hell: Lair:6 Depths:1 Depths:2
Abyss: Depths:1 Depths:2

Annotations:
D:10 1 runed translucent door, frankcastle's ghost, novice VSFi
Lair:2 1 runed translucent door, TigOlBitties's ghost, journeyman DEAE


Innate Abilities, Weirdness & Mutations

You have claws for hands.
You are completely covered in iridescent scales. (AC +6)
You regenerate health from kills.
You are completely covered in sharp spines.
Your magical and physical power is enhanced at high health.
You have a pair of small horns on your head.
You are covered in fur. (AC +1)
Your muscles are strong. (Str +2)


Message History

You destroy the storm dragon zombie!
The mummy priest is engulfed in freezing vapours. x2
You regained 3 hp, and now have 21/188 hp.
Unknown command.
Unknown command.
Evoke which item? (* to show all) (? for menu, Esc to quit)
Aiming: Corrosive Bolt
Press: ? - help, Shift-Dir - straight line, f/p - mummy priest
Aim: a mummy priest (freezing vapour, almost destroyed)
The bolt of acid misses the mummy priest. x2
A sphinx comes into view.
The mummy priest is engulfed in blazing flames.
You destroy the mummy priest!
You feel extremely nervous for a moment...
Pain shoots through your body!
* * * LOW HITPOINT WARNING * * *
The mummy priest is engulfed in freezing vapours.
The sphinx mumbles some strange words.
Something smites you!
You die...

#.# ......###.# #.# .p
#...##.# #.# #W #..#H.##
#.# #. ##.....# ##.#
##.###..#...# ...# ##
##§..#...##..# ##.#
##§§#§§.§§..###..# #.#
#§§§M○§#§§.###..(# #.#
...#§§@§§#8#....# #.# .
##§§§####....# #.# #§#8#.#
#....# #.# #.####.###...#
#.# # ## ##..#
#.######################.#
#..>..#...............#..#
###.#.#.#######.#####...##
##.#.#.#####.[.......###


You could see a sphinx and a mummy priest.

Vanquished Creatures
  Mara (Vaults:4)
  2 ancient liches
  2 juggernauts (Depths:1)
  Sojobo (Depths:1)
  Boris (twice) (Vaults:4 Depths:1)
  Margery (Vaults:5)
  A tentacled monstrosity (Vaults:5)
  2 titans (Vaults:5)
  A quicksilver dragon (Vaults:5)
  6 sphinxes
  A tentacled starspawn (Abyss:2)
  2 storm dragons (Vaults:5)
  A shadow dragon (Vaults:5)
  3 thorn hunters
  Donald (Vaults:3)
  5 tengu reavers
  22 nagarajas
  7 fire giants
  21 vault wardens
  3 frost giants
  A deep elf sorcerer (Vaults:5)
  10 very ugly things
  21 stone giants
  19 ironheart preservers
  An entropy weaver (Vaults:4)
  4 deep elf demonologists
  3 deep elf annihilators
  10 ettins
  4 spark wasps (Depths:1)
  19 yaktaur captains
  A deep elf death mage (Vaults:3)
  2 mummy priests (Depths:2)
  4 fire dragons
  A deep elf high priest (Vaults:5)
  3 jiangshi (Depths:1)
  5 great orbs of eyes
  Erolcha (D:10)
  2 rakshasas
  33 vault guards
  8 naga warriors
  5 boulder beetles
  33 hydras
  9 centaur warriors
  9 anacondas
  A catoblepas (Lair:6)
  A ghost crab (Swamp:3)
  9 ice dragons
  5 deep troll shamans
  A two-headed ogre (shapeshifter) (Vaults:5)
  16 alligators
  3 shambling mangroves
  6 deep troll earth magi
  2 death knights
  A dancing weapon (Vaults:5)
  14 ogre magi
  6 naga sharpshooters
  38 two-headed ogres
  4 tengu warriors
  3 vampire magi
  3 orc high priests (Orc:2)
  6 hell knights
  3 shock serpents
  A storm dragon zombie (Depths:1)
  Sonja (D:10)
  A soul eater (Abyss:2)
  3 deep elf knights
  2 spriggan berserkers (Swamp:4)
  A sixfirhy (Lair:6)
  A fire crab (shapeshifter) (Vaults:5)
  3 shadow wraiths
  An unseen horror (Vaults:1)
  3 large abominations (Abyss:2)
  An iron troll (Depths:2)
  3 salamander mystics
  2 spriggan druids (Swamp:4)
  4 glowing orange brains
  5 wizards
  18 ironbrand convokers
  2 deep elf archers
  34 deep trolls
  12 swamp dragons
  3 flayed ghosts
  5 phantasmal warriors
  3 naga ritualists
  A lindwurm (D:13)
  10 deep elf magi
  4 necromancers
  A tengu skeleton (Vaults:4)
  An orb spider (shapeshifter) (Vaults:3)
  6 mana vipers
  5 orc sorcerers
  A harpy (Vaults:4)
  16 orc knights
  3 wolf spiders
  5 starcursed masses (Abyss:2)
  2 human zombies
  7 cyclopes
  An oklob plant (D:10)
  A wolf spider (shapeshifter) (Vaults:5)
  7 salamanders
  5 manticores
  A frost giant zombie (Vaults:4)
  48 ugly things
  A fire giant skeleton (Vaults:1)
  22 black mambas
  4 elephants (Lair:6)
  An orange demon (Lair:6)
  A stone giant skeleton (Depths:1)
  11 vault sentinels
  Maurice (D:8)
  A torpor snail (Lair:5)
  16 guardian serpents
  16 naga magi
  2 cane toads (shapeshifter) (Vaults:3)
  2 smoke demons
  A water nymph (shapeshifter) (D:15)
  22 cane toads
  5 rime drakes (Lair:6)
  8 freezing wraiths
  2 kobold demonologists (D:15)
  A rime drake (shapeshifter) (Vaults:2)
  A yaktaur zombie (Vaults:4)
  2 efreet
  58 yaktaurs
  2 tengu conjurers
  14 komodo dragons
  An ancient zyme (Abyss:2)
  A guardian mummy (Depths:2)
  2 red devils (Lair:6)
  3 meliai (D:13)
  3 ice devils (Lair:6)
  2 trolls (shapeshifter) (Vaults:3)
  2 polar bears (Lair:6)
  A queen bee (shapeshifter) (D:15)
  8 trolls
  A jumping spider (shapeshifter) (D:15)
  Grinder (D:3)
  10 tyrant leeches
  A wind drake (shapeshifter) (Vaults:5)
  11 hornets
  4 raiju (Abyss:2)
  9 bog bodies
  A blink frog (shapeshifter) (Depths:1)
  18 blink frogs
  49 slime creatures
  A hornet (shapeshifter) (D:13)
  A fire giant simulacrum (Vaults:1)
  An ettin zombie (Vaults:4)
  Sigmund (D:4)
  6 wraiths
  5 shadows
  2 wyverns
  A vampire (Abyss:2)
  An ettin skeleton (Depths:1)
  A hog (shapeshifter) (Vaults:2)
  A tarantella (shapeshifter) (Vaults:4)
  2 ynoxinuls (Abyss:2)
  2 spriggans
  46 yaks
  A human (shapeshifter) (Depths:1)
  A yak (shapeshifter) (D:15)
  6 basilisks
  A chaos spawn (Abyss:2)
  2 neqoxecs (Abyss:2)
  A human simulacrum (Vaults:3)
  39 nagas
  21 vampire mosquitoes
  4 wargs
  4 acid dragons
  3 insubstantial wisps (Swamp:4)
  Edmund (D:4)
  11 swamp worms
  A soldier ant (D:12)
  3 hell hounds (Lair:6)
  25 water moccasins
  An ogre skeleton (Vaults:1)
  31 orc warriors
  3 ice beasts
  An ice beast (shapeshifter) (Depths:1)
  7 sky beasts
  11 swamp drakes
  23 ogres
  2 black bears
  12 boggarts
  2 phantoms
  8 wolves (Lair:2)
  14 centaurs
  3 necrophages
  An orc skeleton (Vaults:1)
  6 big kobolds
  15 bullfrogs
  A wyvern skeleton (D:11)
  3 scorpions
  11 killer bees
  2 orc simulacra (Vaults:1)
  13 wights
  6 howler monkeys
  4 centaur zombies
  2 bullfrog zombies
  17 orc priests
  A bullfrog skeleton (D:11)
  2 hounds
  5 jellies
  4 centaur skeletons
  An iguana (D:9)
  A small abomination (Abyss:2)
  Ijyb (D:5)
  29 orc wizards
  6 worker ants
  2 hound zombies
  A worker ant zombie (D:6)
  3 gnolls (D:9)
  17 adders
  2 shadow imps
  3 white imps
  2 ufetubi
  An ooze (D:2)
  An adder zombie (D:5)
  3 adder skeletons
  4 worms
  3 dart slugs (D:1)
  8 leopard geckos
  93 orcs
  5 giant cockroaches
  4 goblins
  10 hobgoblins
  5 jackals
  8 quokkas
  2 ball pythons
  9 bats
  3 frilled lizards
  38 kobolds
  A quokka skeleton (D:5)
  11 rats
  2 briar patches (Swamp:2)
  A butterfly (Lair:4)
1657 creatures vanquished.

Vanquished Creatures (others)
  A deep troll earth mage (Depths:1)
  A slime creature (Swamp:3)
  A naga (Snake:3)
  A swamp drake (Swamp:3)
  An ogre (Vaults:2)
  A small abomination (Abyss:2)
  3 bushes (Lair:4)
  14 fungi
  41 plants
  2 starspawn tentacles (Abyss:2)
66 creatures vanquished.

Grand Total: 1723 creatures vanquished

Notes
Turn   | Place    | Note
-------+----------+-------------------------------------------
     0 | D:1      | jasper the Demonspawn Brigand began the quest for the Orb.
     0 | D:1      | Reached XP level 1. HP: 16/16 MP: 1/1
    29 | D:1      | Reached skill level 1 in Dodging
   206 | D:1      | Gained mutation: You have sharp fingernails. [demonic
                  | ancestry]
   206 | D:1      | Reached XP level 2. HP: 20/22 MP: 2/2
   343 | D:1      | Reached skill level 1 in Armour
   493 | D:1      | Reached skill level 1 in Unarmed Combat
   661 | D:1      | Gained mutation: You are partially covered in iridescent
                  | scales. (AC +2) [demonic ancestry]
   661 | D:1      | Reached XP level 3. HP: 26/28 MP: 3/3
   828 | D:1      | You fall into a shaft and drop 1 floor!
  1013 | D:2      | Found an ancient bone altar of Kikubaaqudgha.
  1021 | D:2      | Found a glowing golden altar of the Shining One.
  1061 | D:2      | Reached skill level 2 in Unarmed Combat
  1394 | D:2      | Gained mutation: You regenerate a little health from kills.
                  | [demonic ancestry]
  1394 | D:2      | Reached XP level 4. HP: 34/34 MP: 4/4
  1588 | D:3      | You fall into a shaft and drop 2 floors!
  1588 | D:5      | Entered Level 5 of the Dungeon
  1588 | D:5      | Found a shimmering blue altar of Sif Muna.
  1713 | D:5      | Noticed a centaur
  1736 | D:5      | Killed a centaur
  1736 | D:5      | Reached skill level 3 in Unarmed Combat
  1736 | D:5      | Gained mutation: You are mostly covered in iridescent
                  | scales. (AC +4) [demonic ancestry]
  1736 | D:5      | Reached XP level 5. HP: 6/41 MP: 5/5
  2319 | D:4      | Gained mutation: You regenerate health from kills. [demonic
                  | ancestry]
  2319 | D:4      | Reached XP level 6. HP: 43/48 MP: 6/6
  2681 | D:3      | Noticed Grinder
  2690 | D:3      | Gained mutation: You have a pair of small horns on your
                  | head. [potion of mutation]
  2690 | D:3      | Gained mutation: You are covered in fur. (AC +1) [potion of
                  | mutation]
  2690 | D:3      | Gained mutation: Your muscles are strong. (Str +2) [potion
                  | of mutation]
  2705 | D:3      | Killed Grinder
  2705 | D:3      | Reached skill level 4 in Unarmed Combat
  2705 | D:3      | Gained mutation: You are partially covered in sharp spines.
                  | [demonic ancestry]
  2705 | D:3      | Reached XP level 7. HP: 40/54 MP: 7/7
  3806 | D:4      | Noticed Sigmund
  3817 | D:4      | Killed Sigmund
  3817 | D:4      | Reached skill level 5 in Unarmed Combat
  3835 | D:4      | Noticed Edmund
  3862 | D:4      | Killed Edmund
  4019 | D:4      | Reached skill level 5 in Fighting
  4275 | D:5      | Reached skill level 6 in Unarmed Combat
  4275 | D:5      | Reached XP level 8. HP: 62/62 MP: 8/8
  4277 | D:5      | Noticed Ijyb
  4288 | D:5      | Killed Ijyb
  4644 | D:6      | Found a basalt altar of Yredelemnul.
  5030 | D:6      | Found a staircase to the Ecumenical Temple.
  5041 | Temple   | Entered the Ecumenical Temple
  5292 | Temple   | Became a worshipper of Uskayaw the Reveler
  5459 | D:7      | Found a stormy altar of Qazlal.
  5459 | D:7      | Found a bloodstained altar of Trog.
  5467 | D:6      | Reached * piety under Uskayaw
  5469 | D:6      | Reached ** piety under Uskayaw
  5714 | D:7      | Found a broken altar of Ashenzari.
  5716 | D:7      | Reached *** piety under Uskayaw
  5721 | D:7      | Found a sparkling altar of Nemelex Xobeh.
  5722 | D:7      | Found a white marble altar of Elyvilon.
  5723 | D:7      | Found an ornate altar of the Wu Jian Council.
  5723 | D:7      | Found a hazy altar of Hepliaklqana.
  5725 | D:7      | Found a basalt altar of Yredelemnul.
  5728 | D:7      | Found a shimmering altar of Xom.
  5768 | D:7      | Reached skill level 1 in Invocations
  5842 | D:7      | Found Ijue's Armour Emporium.
  5879 | D:7      | Reached skill level 7 in Unarmed Combat
  6135 | D:7      | Reached **** piety under Uskayaw
  6387 | D:7      | Gained mutation: You have very sharp fingernails. [demonic
                  | ancestry]
  6387 | D:7      | Reached XP level 9. HP: 64/69 MP: 11/11
  6674 | D:8      | Reached skill level 5 in Armour
  6838 | D:8      | Found Qusem's Gadget Boutique.
  7003 | D:8      | Noticed Maurice
  7014 | D:8      | Reached skill level 1 in Shields
  7017 | D:8      | Reached ***** piety under Uskayaw
  7025 | D:8      | Killed Maurice
  7025 | D:8      | Reached skill level 8 in Unarmed Combat
  7101 | D:8      | Found Etuisymu's General Store.
  7150 | D:8      | Found Odurit's Distillery.
  7316 | D:8      | Found a snail-covered altar of Cheibriados.
  7791 | D:9      | Reached skill level 5 in Invocations
  7869 | D:9      | Noticed a troll
  7878 | D:9      | Killed a troll
  8053 | D:9      | Reached XP level 10. HP: 68/79 MP: 13/13
  8308 | D:9      | Found a sparkling altar of Nemelex Xobeh.
  8330 | D:9      | Reached skill level 9 in Unarmed Combat
  8670 | D:10     | Entered Level 10 of the Dungeon
  8772 | D:10     | Reached ****** piety under Uskayaw
  8817 | D:10     | Found a staircase to the Lair.
  8817 | D:10     | Noticed an oklob plant
  8822 | D:10     | Found an ancient bone altar of Kikubaaqudgha.
  8935 | D:10     | Found a runed translucent door.
  8946 | D:10     | Noticed frankcastle's ghost (novice VSFi)
  8946 | D:10     | Noticed a wolf spider
  9073 | D:10     | Noticed Erolcha
  9086 | D:10     | Killed Erolcha
  9086 | D:10     | Gained mutation: You are mostly covered in sharp spines.
                  | [demonic ancestry]
  9086 | D:10     | Reached XP level 11. HP: 61/85 MP: 16/16
  9199 | D:10     | Found a staircase to the Orcish Mines.
  9209 | D:10     | Noticed Sonja
  9224 | D:10     | Reached skill level 10 in Unarmed Combat
  9231 | D:10     | Killed Sonja
  9664 | Orc:1    | Entered Level 1 of the Orcish Mines
  9959 | D:11     | Noticed a two-headed ogre
  9971 | D:11     | Killed a two-headed ogre
  9971 | D:11     | Reached skill level 5 in Shields
 10212 | D:11     | Noticed a purple ugly thing
 10215 | D:11     | Got a pitted chain mail
 10230 | D:11     | Identified the +5 chain mail "Mecwov" {rF+ MR+ Slay+2 SInv}
                  | (You found it on level 11 of the Dungeon)
 10249 | D:11     | Noticed a five-headed hydra
 10253 | D:11     | Killed a five-headed hydra
 10628 | D:11     | Killed a purple ugly thing
 11043 | D:11     | Reached skill level 11 in Unarmed Combat
 11437 | D:7      | Bought the +6 tower shield of Pit Ist {rPois} for 594 gold
                  | pieces
 11591 | D:10     | Killed an oklob plant
 11602 | Lair:1   | Entered Level 1 of the Lair of Beasts
 11846 | Lair:1   | Gained mutation: You are completely covered in iridescent
                  | scales. (AC +6) [demonic ancestry]
 11846 | Lair:1   | Reached XP level 12. HP: 94/94 MP: 18/18
 11909 | Lair:1   | Reached skill level 1 in Evocations
 12545 | Lair:2   | Noticed an eight-headed hydra
 12552 | Lair:2   | Killed an eight-headed hydra
 12576 | Lair:2   | Found a staircase to the Snake Pit.
 13069 | Lair:2   | Found a runed translucent door.
 13073 | Lair:2   | Noticed TigOlBitties's ghost (journeyman DEAE)
 13384 | Snake:1  | Entered Level 1 of the Snake Pit
 13384 | Snake:1  | Noticed a naga warrior
 13406 | Lair:3   | Noticed a six-headed hydra
 13411 | Lair:3   | Reached skill level 10 in Invocations
 13416 | Lair:3   | Killed a six-headed hydra
 13488 | Lair:3   | You fall into a shaft and drop 2 floors!
 13506 | Lair:5   | Found a staircase to the Slime Pits.
 13508 | Lair:5   | Found a viscous altar of Jiyva.
 13746 | Lair:4   | Reached skill level 12 in Unarmed Combat
 13856 | Lair:4   | Noticed a five-headed hydra
 13868 | Lair:4   | Killed a five-headed hydra
 14699 | Lair:3   | Noticed a four-headed hydra
 14709 | Lair:3   | Killed a four-headed hydra
 14709 | Lair:3   | Gained mutation: You are completely covered in sharp
                  | spines. [demonic ancestry]
 14709 | Lair:3   | Reached XP level 13. HP: 71/102 MP: 20/20
 14998 | Lair:3   | Reached skill level 10 in Fighting
 15000 | Lair:3   | Found a staircase to the Swamp.
 15420 | Swamp:1  | Entered Level 1 of the Swamp
 16465 | Lair:6   | Entered Level 6 of the Lair of Beasts
 16595 | Lair:6   | Reached skill level 5 in Evocations
 17021 | Lair:6   | Reached skill level 13 in Unarmed Combat
 17254 | Lair:6   | Found a burning altar of Makhleb.
 17263 | Lair:6   | Reached XP level 14. HP: 99/110 MP: 22/22
 17280 | Lair:6   | Found a gateway to Hell.
 18382 | Orc:2    | Entered Level 2 of the Orcish Mines
 18726 | Orc:2    | Found Keekifat's Antique Weapon Shop.
 18726 | Orc:2    | Found Jiar Mer's General Store.
 18847 | Orc:2    | Found Unky Jea's Antique Weapon Shop.
 18847 | Orc:2    | Found Luleisur's Magic Scroll Shoppe.
 18856 | Orc:2    | Bought a scroll of identify for 30 gold pieces
 18856 | Orc:2    | Bought a scroll of identify for 30 gold pieces
 18856 | Orc:2    | Bought a scroll of immolation for 52 gold pieces
 18856 | Orc:2    | Bought a scroll of teleportation for 45 gold pieces
 18856 | Orc:2    | Bought a scroll of teleportation for 45 gold pieces
 18856 | Orc:2    | Bought a scroll of vulnerability for 112 gold pieces
 18856 | Orc:2    | Bought a scroll of immolation for 52 gold pieces
 18994 | Orc:2    | Found a staircase to the Elven Halls.
 19824 | Swamp:1  | HP: 2/112 [very large slime creature (39)]
 19837 | Swamp:1  | HP: 5/113 [seven-headed hydra (11)]
 19844 | Swamp:1  | Reached skill level 10 in Armour
 21395 | Swamp:2  | Noticed a thorn hunter
 21411 | Swamp:2  | Killed a thorn hunter
 21572 | Swamp:2  | Reached XP level 15. HP: 60/119 MP: 24/24
 21576 | Swamp:2  | Reached skill level 14 in Unarmed Combat
 22372 | Swamp:3  | Found the +6 lightning scales {run, rElec}
 22472 | Swamp:3  | Noticed a thorn hunter
 22483 | Swamp:3  | Killed a thorn hunter
 22566 | Swamp:3  | Identified the Grimoire of Cheese
 23080 | Swamp:4  | Entered Level 4 of the Swamp
 23412 | Swamp:4  | Noticed a thorn hunter
 23425 | Swamp:4  | Killed a thorn hunter
 23432 | Swamp:4  | HP: 6/120 [five-headed hydra (9)]
 23939 | Swamp:4  | Reached XP level 16. HP: 124/127 MP: 26/26
 23966 | Swamp:4  | Got a decaying rune of Zot
 24787 | Snake:1  | Found a sacrificial altar of Ru.
 24809 | Snake:1  | Reached skill level 15 in Unarmed Combat
 24842 | Snake:1  | Reached skill level 10 in Shields
 26645 | Snake:3  | Found Misti's Armour Emporium.
 27289 | Snake:4  | Entered Level 4 of the Snake Pit
 27291 | Snake:4  | Found Ryatehok's Book Shop.
 27310 | Snake:4  | Found Xeetup's General Store.
 27311 | Snake:4  | Found Omesoul's Gadget Shop.
 27337 | Snake:4  | Bought a scroll of immolation for 59 gold pieces
 27337 | Snake:4  | Bought a potion of curing for 51 gold pieces
 27337 | Snake:4  | Bought a potion of heal wounds for 85 gold pieces
 27413 | Snake:4  | Reached XP level 17. HP: 117/135 MP: 28/28
 27520 | Snake:4  | HP: 2/135 [rock wall collision (6)]
 27858 | Snake:4  | Reached skill level 16 in Unarmed Combat
 27858 | Snake:4  | Reached skill level 15 in Invocations
 28611 | Snake:4  | Got a serpentine rune of Zot
 28846 | Elf:1    | Entered Level 1 of the Elven Halls
 30244 | D:13     | Found a gate to the Vaults.
 30363 | Vaults:1 | Entered Level 1 of the Vaults
 30603 | Vaults:1 | Gained mutation: You have claws for hands. [demonic
                  | ancestry]
 30603 | Vaults:1 | Reached XP level 18. HP: 143/144 MP: 29/29
 30914 | Vaults:1 | Reached skill level 17 in Unarmed Combat
 32390 | Vaults:2 | Gained mutation: Your magical and physical power is
                  | slightly enhanced at high health. [demonic ancestry]
 32390 | Vaults:2 | Reached XP level 19. HP: 153/153 MP: 31/31
 32825 | Vaults:2 | You fall into a shaft and drop 2 floors!
 33205 | Vaults:4 | Reached skill level 18 in Unarmed Combat
 34272 | Vaults:3 | Identified the +3 kite shield of the Iron Devil {Str+6}
 34272 | Vaults:3 | Noticed Donald
 34285 | Vaults:3 | Killed Donald
 34285 | Vaults:3 | Reached skill level 15 in Fighting
 34333 | Vaults:3 | Reached XP level 20. HP: 162/162 MP: 32/32
 34847 | Vaults:3 | Found Olotala's Book Shop.
 35361 | Vaults:5 | Entered Level 5 of the Vaults
 35361 | Vaults:5 | Noticed Boris
 35393 | Vaults:5 | Noticed an ancient lich
 35397 | Vaults:4 | Reached skill level 19 in Unarmed Combat
 35423 | Vaults:4 | Killed Boris
 35818 | Vaults:4 | Killed an ancient lich
 35978 | Vaults:5 | Noticed Mara
 35987 | Vaults:5 | Noticed jasper's illusion
 36005 | Vaults:4 | Killed Mara
 36128 | Vaults:5 | Identified the amulet of Megalomania {Acrobat rPois rF+++
                  | MR- Int+3}
 36166 | Vaults:5 | Cast into level 2 of the Abyss (a deep elf sorcerer)
 36392 | Abyss:2  | Reached XP level 21. HP: 170/170 MP: 34/34
 36516 | Vaults:5 | Escaped the Abyss
 36923 | Vaults:5 | Identified the cursed +1 chain mail of the Butcher {Int+2}
 36994 | Vaults:5 | Noticed an ancient lich
 36999 | Vaults:5 | Killed an ancient lich
 37233 | Vaults:5 | Identified a scroll of acquirement
 37234 | Vaults:5 | Acquired the +8 crystal plate armour of Kitugaf {rF- rN+
                  | Dex+5}
 37392 | Vaults:5 | Identified the +0 helmet of Virtue {Dex+3} (You found it on
                  | level 5 of the Vaults)
 37634 | Vaults:5 | Reached skill level 20 in Unarmed Combat
 37723 | Vaults:5 | Identified the +5 flail "Kuaf" {freeze, rF++ Str+4 Int+6}
 37815 | Vaults:5 | Identified the +0 pair of boots of Diano {rElec rN+ Str-3}
                  | (You found it on level 5 of the Vaults)
 38102 | Vaults:5 | Got a silver rune of Zot
 38198 | Vaults:5 | Reached skill level 15 in Armour
 38363 | Vaults:5 | Noticed Margery
 38374 | Vaults:5 | Killed Margery
 39449 | D:15     | Entered Level 15 of the Dungeon
 39472 | D:15     | Reached XP level 22. HP: 159/179 MP: 35/35
 39474 | D:15     | Identified the ring "Suqyam" {*Tele rF+}
 39594 | D:15     | Found Haonuj's Antique Weapon Emporium.
 39804 | D:15     | Found a staircase to the Depths.
 40037 | Depths:1 | Entered Level 1 of the Depths
 40042 | Depths:1 | Noticed Sojobo
 40405 | Depths:1 | Noticed Boris
 40408 | Depths:1 | Killed Sojobo
 40447 | Depths:1 | Killed Boris
 40519 | Depths:1 | Paralysed by a wizard for 4 turns
 40564 | Depths:1 | Noticed a juggernaut
 40573 | Depths:1 | Killed a juggernaut
 40589 | Depths:1 | Paralysed by an ogre mage for 5 turns
 41265 | Depths:1 | Found a one-way gate to the infinite horrors of the Abyss.
 41274 | Depths:1 | Noticed a juggernaut
 41283 | Depths:1 | Killed a juggernaut
 41283 | Depths:1 | Reached skill level 15 in Shields
 41292 | Depths:1 | Reached skill level 21 in Unarmed Combat
 41581 | Depths:2 | Gained mutation: Your magical and physical power is
                  | enhanced at high health. [demonic ancestry]
 41581 | Depths:2 | Reached XP level 23. HP: 187/187 MP: 37/37
 41815 | Depths:2 | Paralysed by a great orb of eyes for 7 turns
 42119 | Depths:2 | HP: 9/188 [something (16)]
 42119 | Depths:2 | Killed from afar by a sphinx

Illustrated notes

Levels and vault maps discovered:
D:1:      lordsloth_arrival_two_stooges, layout_basic, chequers_big_river,
          minmay_door_square
D:2:      layout_rooms, lemuel_crystal_altar, overflow_temple_1_default,
          serial_curves, eino_curves_04, eino_curves_02, eino_curves_02
D:3:      layout_basic, grunt_ministairs_14, uniq_grinder
D:4:      layout_loops_ring, serial_bayou_pond_a, sigmund_edmund_badplayer
D:5:      layout_cave_pools, led_sif_pool, uniq_ijyb, uniq_edmund
D:6:      layout_gridville, minmay_temple_entry_mini_moons, basic_altar
D:7:      layout_loops_ring, yredelemnul_altar_generic,
          grunt_temple_overflow_open, nicolae_ossuary_entry_plus, serial_shops,
          shop, chequers_hall_statues_y
D:8:      layout_loops_ring, kennysheep_mini, serial_shops, nicolae_shop_stone,
          nicolae_shop_crystal, nicolae_shop_behind_doors, nicolae_wwwww,
          grunt_decor_arrowhead, uniq_maurice
D:9:      minmay_thick_lines, layout_stronghold,
          nemelex_xobeh_ov_fountains_minmay
D:10:     layout_loops_ring, dpeg_oklobed_lair, basic_altar,
          ebering_ghost_inner_flame, uniq_sonja, uniq_erolcha
D:11:     layout_grid_maze, minmay_misc_feat_enclosed
D:12:     layout_basic
D:13:     layout_cave_pools, david_vaults_4
D:14:     layout_irregular_city
D:15:     gammafunk_enter_depths_forms, layout_cave_pools, serial_shops,
          shop_coins, glass_columns_a
Temple:   jpeg_temple_island
Lair:1:   layout_regular_city, infiniplex_staircase_pool_2
Lair:2:   layout_roguey, minmay_snake_entry_six_corridors,
          ebering_ghost_reflecting_pool
Lair:3:   layout_long_grid, minmay_swamp_entry_swarm
Lair:4:   layout_cave_pods, serial_forest, infiniplex_forest_side_room,
          infiniplex_forest_pool, infiniplex_forest_straight_3,
          infiniplex_forest_clump_double, infiniplex_forest_corner_1,
          infiniplex_forest_straight_4, lemuel_fruit_fields
Lair:5:   layout_hall_layers, slime_altar_1, grunt_megastairs_4
Lair:6:   evil_forest, layout_layer_cave, lemuel_fruit_tree
Swamp:1:  layout_falls_marsh, hangedman_swamp_ruin_wall
Swamp:2:  layout_basic_swamp, evilmike_swamp_ruin_house_5
Swamp:3:  layout_falls_marsh, nicolae_swamp_round_clearing,
          infiniplex_staircase_pool
Swamp:4:  swamp_basic_johnstein, layout_basic_swamp, swamp_pool1
Snake:1:  layout_misc_corridors, basic_altar
Snake:2:  layout_misc_corridors
Snake:3:  layout_basic, serial_shops, nicolae_shop_statue_plus
Snake:4:  snake_hunt, layout_misc_corridors, serial_shops, shop_fountains, shop,
          nicolae_shop_crystal, shop, shop, corexii_hall_statues_i, st_stairs_13
Orc:1:    layout_diamond_mine, nicolae_orc_lava_tube, nicolae_orc_crystal_geode
Orc:2:    grunt_orc_tribal_feast, layout_caves
Elf:1:    minmay_elf_arrival_summoners, layout_geoelf_octagon,
          hangedman_elf_represent, sword_in_stone
Vaults:1: hangedman_vaults_trim, hangedman_vaults_stretched_pinwheel,
          ontoclasm_vaults_eye, v_pattern_2, vaults_standard_mumra_x,
          vaults_room_corners, nicolae_vaults_rhombus_6,
          ontoclasm_vaults_gateway, ontoclasm_vaults_pinch,
          layout_vaults_omnigrid
Vaults:2: nicolae_vaults_shelves_hall, v_alt_pattern_6,
          hangedman_vaults_variations, vaults_room_large_hall, v_misc_27,
          nicolae_vaults_little_squares_2, hangedman_vaults_stretched_pinwheel,
          ontoclasm_vaults_loading_screen, minmay_crypt_entry_necro_gods,
          v_misc_3, vaults_room_hangedman_quadrants,
          vaults_room_grunt_arrival_ludios, vaults_standard_mumra_lines,
          nicolae_vaults_ring_of_whatevers, layout_vaults_omnibox
Vaults:3: vaults_room_fancy_cross, nicolae_vaults_little_ls,
          nicolae_vaults_windows_and_doors_thing, ontoclasm_vaults_bender,
          grunt_vaults_diagonal, vaults_mumra_minichess,
          nicolae_vaults_twisting_passages, vaults_room_stairs_pillars,
          hangedman_vaults_hat, dpeg_vaults_monster_box, vaults_room_pool,
          layout_vaults_ring, serial_shops, shop, uniq_donald
Vaults:4: nicolae_vaults_minivaults, nicolae_vaults_specimen_jars, v_rooms_6,
          v_misc_18, nicolae_vaults_asterisk, vaults_mumra_lcd,
          ontoclasm_vaults_loading_screen, nicolae_vaults_big_ls,
          grunt_vaults_funnel, nicolae_vaults_little_squares_2,
          layout_vaults_big_room
Vaults:5: uniq_boris, uniq_margery, uniq_mara
Depths:1: kennysheep_bubbly, layout_basic, pf_hell_entry_great_geh, abyss_entry,
          hangedman_abyss_or_decor_slice, minmay_the_grid_square_5x5_3x3_mashed
          [minmay_the_grid_square_5x5_three_small,
          minmay_the_grid_square_5x5_corner,
          minmay_the_grid_square_5x5_checkered_sparse,
          minmay_the_grid_square_5x5_shrine1,
          minmay_the_grid_square_5x5_megaprize_open,
          minmay_the_grid_square_5x5_three_walls, minmay_the_grid_square_5x5_c,
          minmay_the_grid_square_5x5_moneybag,
          minmay_the_grid_square_5x5_bracketed], uniq_sojobo
Depths:2: ragdoll_tomb_raider, layout_basic, abyss_entry, hell_entry,
          infiniplex_staircase_split_hallway

Skill      XL: |  1  2  3  4  5  6  7  8  9 10 11 12 13 14 15 16 17 18 19 20 21 22 |
---------------+-------------------------------------------------------------------+-----
Dodging        | 1 |  1.2
Armour         | 1 2 3 4 5 6 7 8 9 10 11 12 13 14 15 | 15.8
Unarmed Combat | 1 2 3 4 6 7 8 9 11 12 13 14 15 16 17 18 19 20 21 | 21.2
Fighting       | 3 4 5 6 7 8 9 10 11 12 13 14 15 16 17 | 17.2
Invocations    | 2 5 7 8 10 11 12 13 14 15 16 17 18 19 20 | 20.6
Shields        | 2 4 5 6 7 8 9 10 11 12 13 14 15 | 15.5
Evocations     | 3 5 7 8 9 |  9.0
Short Blades   | |  1.7
Throwing       | |  1.7
Stealth        | |  3.6

Action                   |  1- 3 |  4- 6 |  7- 9 | 10-12 | 13-15 | 16-18 | 19-21 | 22-24 || total
-------------------------+-------+-------+-------+-------+-------+-------+-------+-------++-------
Melee: Dagger            |   145 |    72 |       |       |       |       |       |       ||   217
       Unarmed           |       |    86 |   275 |   538 |   976 |  1067 |   949 |   459 ||  4350
       Punch             |       |     2 |     7 |       |       |       |       |       ||     9
       Headbutt          |       |       |    48 |   140 |   261 |   281 |   274 |   162 ||  1166
Throw: Dart              |    17 |    23 |    68 |     7 |    14 |       |       |       ||   129
       Javelin           |       |     3 |     2 |       |       |       |       |       ||     5
       Throwing net      |       |       |       |     1 |       |       |       |       ||     1
Invok: Stomp             |       |       |       |       |    17 |     5 |     8 |    11 ||    41
       Grand Finale      |       |       |       |       |     5 |       |       |     1 ||     6
Evoke: Wand              |       |       |     1 |     1 |    15 |     1 |     4 |     2 ||    24
       Tin of tremorston |       |       |       |     3 |     5 |     4 |     3 |     4 ||    19
       Box of beasts     |       |       |       |       |     1 |       |       |       ||     1
       Condenser vane    |       |       |       |       |       |       |     2 |     2 ||     4
  Use: Potion            |       |     7 |       |       |     2 |     1 |       |     2 ||    12
       Scroll            |       |       |    10 |     7 |     5 |     3 |    12 |     2 ||    39
 Stab: Sleeping          |     7 |     3 |     7 |     2 |       |       |       |       ||    19
       Paralysed         |       |       |     7 |    51 |    99 |   159 |   100 |    47 ||   463
       Distracted        |       |       |     1 |       |       |       |     1 |       ||     2
Armor: Ring mail         |    48 |    89 |    62 |    67 |       |       |       |       ||   266
       Skin              |       |     3 |       |       |       |       |       |       ||     3
       Chain mail        |       |       |       |    67 |   448 |   247 |   227 |    24 ||  1013
       Crystal plate arm |       |       |       |       |       |       |       |   224 ||   224
Dodge: Dodged            |    71 |    71 |   102 |   137 |   167 |    90 |    69 |    83 ||   790
Block: Buckler           |       |       |    20 |    83 |       |       |       |       ||   103
       Tower shield      |       |       |       |   234 |  1103 |  1017 |  1041 |   537 ||  3932
       Reflection        |       |       |       |       |       |    36 |    94 |     2 ||   132

Table legend: (Time is in decaauts)
 A = Elapsed time spent in this place.
 B = Non-inter-level travel time spent in this place.
 C = Inter-level travel time spent in this place.
 D = Time resting spent in this place.
 E = Time spent auto-exploring this place.
 F = Levels seen in this place.
 G = Mean time per level.
                   A        B        C        D        E       F      G
               +--------+--------+--------+--------+--------+-----+--------+
         Total |  41675 |  39225 |   2450 |   3581 |  27780 |  41 | 1016.5 |
       Dungeon |  14288 |  13263 |   1025 |   1132 |   9678 |  15 |  952.5 |
        Temple |    316 |    264 |     52 |      0 |    254 |   1 |  316.0 |
          Lair |   6329 |   5837 |    492 |    177 |   4840 |   6 | 1054.8 |
         Swamp |   5537 |   5315 |    222 |    508 |   3845 |   4 | 1384.2 |
     Snake Pit |   3918 |   3773 |    145 |    802 |   2303 |   4 |  979.5 |
  Orcish Mines |   1525 |   1308 |    217 |      0 |    959 |   2 |  762.5 |
   Elven Halls |      1 |      1 |      0 |      0 |      0 |   1 |    1.0 |
        Vaults |   7780 |   7501 |    279 |    866 |   4735 |   5 | 1556.0 |
        Depths |   1645 |   1629 |     16 |     75 |   1027 |   2 |  822.5 |
         Abyss |    331 |    331 |      0 |     21 |    138 |   1 |  331.0 |
               +--------+--------+--------+--------+--------+-----+--------+

Top non-repeatable levels by time:
Vaults:4: 2223 daAuts
Vaults:5: 1857 daAuts
    D:11: 1645 daAuts
 Swamp:2: 1626 daAuts
 Snake:3: 1623 daAuts
 Swamp:3: 1558 daAuts
Vaults:3: 1294 daAuts
Vaults:2: 1264 daAuts
  Lair:6: 1233 daAuts
    D:10: 1198 daAuts
     D:9: 1194 daAuts
 Swamp:4: 1188 daAuts
     D:5: 1173 daAuts
 Swamp:1: 1164 daAuts
Vaults:1: 1140 daAuts
